 Dungeon Crawl Stone Soup version 0.25-a0-578-gc91f01c (webtiles) character file.

Game seed: 13882841684512824056, levelgen mode: deterministic

1117 CanOfBees the Conjurer (level 8, 67/67 HPs)
             Began as a Green Draconian Conjurer on Mar 5, 2020.
             Got out of the dungeon alive.
             The game lasted 00:15:01 (6692 turns).

CanOfBees the Conjurer (Green Draconian Conjurer)   Turns: 6692, Time: 00:15:01

Health: 67/67      AC:  8    Str: 10    XL:     8   Next: 12%
Magic:  13/13      EV: 11    Int: 17    God:
Gold:   312        SH: 13    Dex: 20    Spells: 8/14 levels left

rFire    . . .     SeeInvis .   b - +8 hunting sling "Gufehiank" {vorpal, Dex+7}
rCold    . . .     Gourm    .   n - +1 kite shield
rNeg     . . .     Faith    .   (armour unavailable)
rPois    +         Spirit   .   (helmet restricted)
rElec    .         Reflect  +   v - scarf {repulsion}
rCorr    .         Harm     .   u - +1 pair of gloves
MR       .....                  (no boots)
Stlth    ++........             y - +3 amulet of reflection
HPRegen  0.21/turn              (no ring)
MPRegen  0.13/turn              (no ring)

@: repel missiles
A: breathe noxious fumes, unfitting armour, poison resistance, cold-blooded, AC
+6
a: Breathe Noxious Fumes


You escaped.
You were not hungry.

You visited 2 branches of the dungeon, and saw 7 of its levels.

You collected 312 gold pieces.

Inventory:

Hand Weapons
 a - a +1 rapier of freezing
 b - the +8 hunting sling "Gufehiank" (weapon) {vorpal, Dex+7}
   (You found it on level 4 of the Dungeon)

   Any stone fired from it inflicts extra damage.
   It affects your dexterity (+7).
 i - a +2 vampiric short sword
 j - a +1 dagger of draining
Missiles
 f - 47 poisoned darts
 k - 49 sling bullets (quivered)
 p - 8 atropa-tipped darts
 r - 46 bolts
 s - 166 stones
 D - 4 boomerangs
 I - 3 javelins
Armour
 n - a +1 kite shield (worn)
 u - a +1 pair of gloves (worn)
 v - a scarf of repulsion (worn)
Jewellery
 y - a +3 amulet of reflection (around neck)
Wands
 c - a wand of scattershot (3)
 B - a wand of iceblast (5)
Scrolls
 d - 2 scrolls of amnesia
 h - 7 scrolls of teleportation
 o - 2 scrolls of remove curse
 q - 2 scrolls of enchant weapon {unknown}
 t - a scroll of blinking
 w - a scroll of magic mapping {unknown}
 A - a scroll of fear {unknown}
Potions
 e - a potion of haste
 g - 2 potions of flight
 l - a potion of curing
 m - 2 potions of mutation
 x - a potion of ambrosia {unknown}
 C - a potion of brilliance {unknown}
 F - a potion of invisibility {unknown}
 H - a potion of magic {unknown}
Comestibles
 z - 8 rations
 E - 2 chunks of flesh


   Skills:
 + Level 4.6 Fighting
 - Level 2.2 Dodging
 - Level 1.7 Stealth
 - Level 4.0 Shields
 + Level 3.5 Spellcasting
 * Level 6.9 Conjurations
 + Level 2.3 Hexes


You had 8 spell levels left.
You knew the following spells:

 Your Spells              Type           Power        Failure   Level  Hunger
a - Magic Dart            Conj           ####         4%          1    None
b - Searing Ray           Conj           ####..       6%          2    ##.....
c - Dazzling Flash        Conj/Hex       ###...       30%         3    ###....

Your spell library contained the following spells:

 Spells                   Type           Power        Failure   Level  Hunger
 Confusing Touch          Hex            ##......     61%         3    ###....
 Fulminant Prism          Conj/Hex       ###.......   71%         4    ####...
 Iskenderun's Mystic Bla  Conj/Tloc      ##......     85%         4    ####...
 Gell's Gravitas          Tloc           #.........   90%         3    ###....
 Petrify                  Tmut/Erth      #.......     100%        4    ####...
 Metabolic Englaciation   Hex/Ice        #.........   100%        5    ######.
 Yara's Violent Unravell  Hex/Tmut       #.........   100%        5    ######.


Dungeon Overview and Level Annotations

Branches:
Dungeon (6/15)             Temple (1/1) D:6

Altars:
Cheibriados
Elyvilon
Fedhas
Hepliaklqana
Kikubaaqudgha
Nemelex Xobeh
Okawaru
Qazlal
Sif Muna
Trog
Uskayaw
Vehumet
Wu Jian
The Shining One


Innate Abilities, Weirdness & Mutations

You can breathe blasts of noxious fumes.
Your lurid green scales are hard. (AC +6)
You cannot fit into any form of body armour.
Your system is resistant to poisons. (rPois)
You are cold-blooded and may be slowed by cold attacks.


Message History

Things that are here:
a +0 robe; a +0 dagger
There is a stone staircase leading up here.
You climb upwards.
There is a stone staircase leading down here.
There is a stone staircase leading up here.
You climb upwards.
There is a stone staircase leading down here.
There is a stone staircase leading up here.
You climb upwards.
There is a stone staircase leading down here.
There is a stone staircase leading up here.
You climb upwards.
There is a stone staircase leading down here.
You see here a +0 club.
There is a fountain of clear blue water here.
There is a dry fountain here.
There is a staircase leading out of the dungeon here.
Are you sure you want to leave the Dungeon?
This will make you lose the game!
You have escaped!

.....##.#.# #......# #...#.#.
÷.......### ######## ####...#...
##...####.### ###.##...##..
#...###....### ###....######..
#...##..⌠....#####....⌠..## ##.
#...#.....⌠....#....⌠.....# #.
#...#..⌠....⌠.....⌠....⌠..# #.
#####.....................#####.
#######....@....#######....)
####...#### ##..#### ##...##
##..## ##..⌠..## ##..##
##.......####..##
##..⌠...⌠..##..##
#.....⌠.....#.## ###.......###.#
####.####...#


There were no monsters in sight!

Vanquished Creatures
  Duvessa (D:5)
  An ogre (D:4)
  A phantom (D:6)
  Dowan (D:5)
  2 scorpions (D:5)
  2 vampire bats (D:2)
  A bullfrog zombie (D:5)
  A crimson imp (D:5)
  A quasit (D:6)
  A hound (D:6)
  2 orc priests
  An orc wizard (D:5)
  An iguana (D:5)
  4 worker ants
  A hound zombie (D:5)
  A howler monkey skeleton (D:5)
  11 gnolls
  3 adders
  A shadow imp (D:5)
  2 oozes
  4 worms
  4 dart slugs
  5 leopard geckos
  15 orcs
  3 bat skeletons (D:2)
  4 bat zombies (D:2)
  3 giant cockroaches
  9 goblins
  12 hobgoblins
  9 jackals
  2 quokkas
  A ball python (D:1)
  10 bats
  3 frilled lizards
  4 kobolds
  A leopard gecko zombie (D:5)
  A quokka skeleton (D:4)
  8 rats
137 creatures vanquished.

Vanquished Creatures (others)
  A worm (D:2)
  A quokka (D:2)
2 creatures vanquished.

Grand Total: 139 creatures vanquished

Notes
Turn   | Place    | Note
-------+----------+-------------------------------------------
     0 | D:1      | CanOfBees the Draconian Conjurer began the quest for the
                  | Orb.
     0 | D:1      | Reached XP level 1. HP: 14/14 MP: 3/3
   268 | D:1      | Reached XP level 2. HP: 13/22 MP: 3/5
   454 | D:1      | Learned a level 2 spell: Searing Ray
   672 | D:1      | Reached skill level 1 in Fighting
   771 | D:1      | Reached XP level 3. HP: 20/28 MP: 1/6
  1443 | D:1      | Learned a level 3 spell: Dazzling Flash
  1533 | D:2      | Found a stormy altar of Qazlal.
  1720 | D:2      | Found an ancient bone altar of Kikubaaqudgha.
  1756 | D:2      | Reached skill level 1 in Shields
  1756 | D:2      | Reached XP level 4. HP: 26/36 MP: 7/7
  2358 | D:2      | Reached XP level 5. HP: 41/41 MP: 2/8
  2952 | D:3      | Reached skill level 5 in Conjurations
  3704 | D:4      | Noticed an ogre
  3720 | D:4      | Killed an ogre
  3720 | D:4      | Reached XP level 6. HP: 7/51 MP: 6/9
  4464 | D:4      | Found an ornate altar of the Wu Jian Council.
  4600 | D:4      | Got an ivory hunting sling
  4601 | D:4      | Identified the +8 hunting sling "Gufehiank" {vorpal, Dex+7}
                  | (You found it on level 4 of the Dungeon)
  4618 | D:4      | Found a sparkling altar of Nemelex Xobeh.
  4745 | D:5      | Entered Level 5 of the Dungeon
  4823 | D:5      | Your scales start taking on a lurid green colour.
  4823 | D:5      | Reached XP level 7. HP: 46/58 MP: 10/10
  4823 | D:5      | Gained mutation: Your system is resistant to poisons.
                  | (rPois) [Green Draconian growth]
  5000 | D:5      | Reached skill level 1 in Hexes
  5058 | D:5      | Reached skill level 6 in Conjurations
  5368 | D:5      | Found a bloodstained altar of Trog.
  5401 | D:5      | Found a white marble altar of Elyvilon.
  5661 | D:6      | Noticed Duvessa
  5661 | D:6      | Noticed Dowan
  5691 | D:5      | Killed Duvessa
  5701 | D:5      | Killed Dowan
  6301 | D:6      | Reached XP level 8. HP: 67/67 MP: 13/13
  6581 | D:6      | Found a staircase to the Ecumenical Temple.
  6586 | Temple   | Entered the Ecumenical Temple
  6692 | D:$      | Got out of the dungeon alive.

Levels and vault maps discovered:
D:1:      dpeg_arrival_leaves_temple_mockup, layout_basic, minmay_pentomino_s4
D:2:      layout_rooms, grunt_qazlal_clouds, kennysheep_vampire_church,
          serial_rivers, chequers_serial_rivers_micro_b,
          chequers_serial_rivers_micro_c, chequers_serial_rivers_large_b,
          chequers_serial_rivers_micro_a
D:3:      layout_rooms, serial_glass, glass_columns_a, glass_columns_b
D:4:      layout_rooms, lemuel_doored_altar, nemelex_xobeh_ov_fountains_minmay,
          first_ration
D:5:      layout_loops_ring, lemuel_round_altar, basic_altar
D:6:      layout_basic, minmay_temple_entry_steel_oval, basic_altar,
          gammafunk_ghost_grave, uniq_duvessa
Temple:   eino_narrow_crystal_temple

Skill      XL: |  1  2  3  4  5  6  7 |
---------------+----------------------+-----
Dodging        | 2 |  2.2
Fighting       | 1 2 3 4 |  4.6
Shields        | 1 2 3 4 |  4.0
Conjurations   | 5 6 |  6.9
Hexes          | 2 |  2.3
Spellcasting   | 3 |  3.5
Stealth        | |  1.7

Action                   |  1- 3 |  4- 6 |  7- 9 || total
-------------------------+-------+-------+-------++-------
Melee: Unarmed           |    22 |       |       ||    22
       Tailslap          |     9 |    14 |    11 ||    34
       Dagger            |    85 |    20 |       ||   105
       Rapier            |       |   136 |    75 ||   211
       Short sword       |       |       |    93 ||    93
       Hunting sling     |       |       |     1 ||     1
 Fire: Hunting sling     |       |    14 |    21 ||    35
Throw: Dart              |    24 |       |       ||    24
       Stone             |     2 |       |       ||     2
 Cast: Magic Dart        |    22 |    30 |     2 ||    54
       Searing Ray       |     2 |     1 |     1 ||     4
 Abil: Breathe Noxious F |       |       |     7 ||     7
  Use: Scroll            |       |     7 |     6 ||    13
 Stab: Sleeping          |     2 |     3 |       ||     5
       Confused          |       |       |     6 ||     6
  Eat: Chunk             |     3 |    10 |     5 ||    18
       Ration            |       |       |     1 ||     1
Armor: Skin              |    71 |    48 |    86 ||   205
Dodge: Dodged            |   108 |    78 |    88 ||   274
       Deflected         |       |     1 |     6 ||     7
Block: Kite shield       |    28 |    75 |   142 ||   245
       Reflection        |       |       |     1 ||     1

Table legend:
 A = Non-vault XP
 B = Vault XP
 C = Vault XP percentage of total XP
 D = Non-vault monster count
 E = Vault monster count
 F = Vault count percentage of total count
                 A         B        C        D         E       F
            +---------+---------+-------+---------+---------+-------
      Total |    1287 |     310 |  19.4 |     122 |      15 |  10.9
            +---------+---------+-------+---------+---------+-------
        D:1 |      45 |      12 |  21.1 |      28 |       4 |  12.5
        D:2 |      76 |     121 |  61.4 |      15 |       9 |  37.5
        D:3 |      67 |       0 |   0.0 |      25 |       0 |   0.0
        D:4 |     298 |       0 |   0.0 |      16 |       0 |   0.0
        D:5 |     448 |     177 |  28.3 |      24 |       2 |   7.7
        D:6 |     353 |       0 |   0.0 |      14 |       0 |   0.0
            +---------+---------+-------+---------+---------+-------
